 Dungeon Crawl Stone Soup version 0.21.1-1-g345015f (webtiles) character file.

648 Fang the Chopper (level 7, -3/44 HPs)
             Began as a Gargoyle Berserker on May 16, 2018.
             Was a Priest of Trog.
             Slain by an elf zombie (6 damage)
             ... in an ossuary.
             The game lasted 00:04:54 (2835 turns).

Fang the Chopper (Gargoyle Berserker)               Turns: 2835, Time: 00:04:55

Health: -3/44      AC:  8    Str: 22    XL:     7   Next: 53%
Magic:  7/7        EV: 13    Int:  8    God:    Trog [***...]
Gold:   221        SH:  0    Dex:  9    Spells: 6/6 levels left

rFire    x . .     SeeInvis .   a - +2 hand axe
rCold    + . .     Gourm    .   (no shield)
rNeg     + . .     Faith    .   b - +0 animal skin
rPois    ∞         Spirit   .   (no helmet)
rElec    +         Reflect  .   (no cloak)
rCorr    .         Harm     .   (no gloves)
MR       .....                  (no boots)
Stlth    +.........             g - amulet of rage
HPRegen  0.14/turn              j - +1 ring of protection
MPRegen  0.10/turn              q - ring of ice

@: no status effects
A: negative energy resistance 1, electricity resistance, unbreathing,
petrification resistance, rot immunity, AC +4
a: Berserk, Trog's Hand, Burn Spellbooks, Renounce Religion, Evoke Berserk Rage


You were in an ossuary.
You worshipped Trog.
Trog was most pleased with you.
You were not hungry.

You visited 1 branch of the dungeon, and saw 4 of its levels.
You also visited: Ossuary.

You collected 221 gold pieces.

Inventory:

Hand Weapons
 a - a +2 hand axe (weapon)
Armour
 b - a +0 animal skin (worn)
Jewellery
 g - an amulet of rage (around neck)
 j - a +1 ring of protection (left hand)
 q - a ring of ice (right hand)
Wands
 o - a wand of paralysis (4)
Scrolls
 d - 3 scrolls of identify
 e - 5 scrolls of teleportation
 l - a scroll of remove curse
 p - a scroll of amnesia {unknown}
Potions
 f - 2 potions of curing
 h - 2 potions of brilliance
 i - a potion of mutation
 k - a potion of heal wounds
 m - a potion of haste
Comestibles
 c - 6 rations


   Skills:
 + Level 4.7 Fighting
 + Level 6.1 Axes
 + Level 2.6 Armour
 + Level 3.3 Dodging
 + Level 1.2 Stealth


You had 6 spell levels left.
You didn't know any spells.

Dungeon Overview and Level Annotations

Branches:
Dungeon (4/15)
 Temple: D:4-7

Altars:
Ashenzari
Elyvilon
Fedhas
Kikubaaqudgha
Okawaru
Zin


Innate Abilities, Weirdness & Mutations

You are resistant to torment.
Your stone body is resilient. (AC +4)
You are immune to poison.
You resist negative energy. (rN+)
You are resistant to electric shocks. (rElec)
You can survive without breathing.
You are immune to petrification.
You are immune to rotting.


Message History

The elf zombie is heavily damaged.
You hit the elf zombie. The elf zombie hits you.
* * * LOW HITPOINT WARNING * * *
The elf zombie hits you.
* * * LOW HITPOINT WARNING * * *
You closely miss the elf zombie.
The elf zombie is heavily damaged.
You hit the elf zombie. The elf zombie closely misses you.
You barely miss the elf zombie.
The elf zombie is heavily damaged.
You closely miss the elf zombie. The elf zombie closely misses you.
The elf zombie barely misses you.
You hit the elf zombie.
The elf zombie is severely damaged.
You hit the elf zombie. The elf zombie hits you.
* * * LOW HITPOINT WARNING * * *
You slash the elf zombie!
The elf zombie is severely damaged.
You closely miss the elf zombie. The elf zombie hits you.
You die...

................
.................
#...............
.##...............
..................
..................
........Z.........
........@.........
........Z∩∩.....Z.
..................
..................
..................
.##...............
#...............
.................
.................


You could see 2 elf zombies.

Vanquished Creatures
  The ghost of AlyssaTheNerd the Ducker, an amateur DsGl (D:3)
  A water moccasin (D:4)
  A scorpion (D:4)
  A hound (D:2)
  An orc priest (D:4)
  An iguana (D:4)
  Terence (D:2)
  2 orc wizards (D:3)
  4 worker ants (D:4)
  4 adders
  A worm (D:2)
  2 dart slugs
  11 orcs
  4 bats
  A giant cockroach (D:1)
  5 goblins
  6 hobgoblins
  6 jackals
  7 kobolds
  2 quokkas
  A ball python (D:3)
  5 frilled lizards
  A gnoll zombie (Ossuary)
  A goblin zombie (Ossuary)
  A hobgoblin zombie (Ossuary)
  2 jackal zombies (Ossuary)
  A kobold zombie (Ossuary)
  An orc zombie (Ossuary)
  7 rats
  3 rat zombies
85 creatures vanquished.

Notes
Turn   | Place    | Note
-------+----------+-------------------------------------------
     0 | D:1      | Fang the Gargoyle Berserker began the quest for the Orb.
     0 | D:1      | Reached XP level 1. HP: 14/14 MP: 1/1
   234 | D:1      | Reached XP level 2. HP: 19/19 MP: 2/2
   274 | D:1      | Reached skill level 3 in Axes
   838 | D:2      | Noticed Terence
   861 | D:2      | Killed Terence
   861 | D:2      | Reached XP level 3. HP: 17/24 MP: 3/3
  1099 | D:2      | Reached XP level 4. HP: 12/29 MP: 4/4
  1255 | D:2      | Reached ** piety under Trog
  1578 | D:2      | Reached XP level 5. HP: 32/33 MP: 5/5
  1591 | D:2      | Reached skill level 4 in Axes
  1826 | D:3      | Noticed AlyssaTheNerd's ghost (amateur DsGl)
  1852 | D:3      | Killed AlyssaTheNerd's ghost
  1852 | D:3      | Reached skill level 1 in Stealth
  1852 | D:3      | Reached XP level 6. HP: 34/38 MP: 6/6
  2189 | D:3      | Found a glowing silver altar of Zin.
  2191 | D:3      | Found an iron altar of Okawaru.
  2191 | D:3      | Found a shattered altar of Ashenzari.
  2192 | D:3      | Found an ancient bone altar of Kikubaaqudgha.
  2192 | D:3      | Found a white marble altar of Elyvilon.
  2213 | D:3      | Found a blossoming altar of Fedhas.
  2301 | D:3      | Reached skill level 5 in Axes
  2368 | D:4      | Noticed a water moccasin
  2377 | D:4      | Reached XP level 7. HP: 44/44 MP: 7/7
  2602 | D:4      | Reached *** piety under Trog
  2602 | D:4      | Reached skill level 6 in Axes
  2789 | D:4      | Found a sand-covered staircase.
  2808 | Ossuary  | Entered an ossuary
  2835 | Ossuary  | Slain by an elf zombie

Skill      XL: |  1  2  3  4  5  6  7 |
---------------+----------------------+-----
Axes           | 3 4 5 6 |  6.1
Fighting       | 4 |  4.7
Dodging        | 2 3 |  3.3
Stealth        | 1 |  1.2
Armour         | |  2.6

Action                   |  1- 3 |  4- 6 |  7- 9 || total
-------------------------+-------+-------+-------++-------
Melee: Hand axe          |    96 |   149 |    69 ||   314
Invok: Berserk           |     2 |     2 |       ||     4
  Use: Potion            |       |     2 |       ||     2
       Scroll            |       |     9 |       ||     9
 Stab: Sleeping          |       |     1 |       ||     1
  Eat: Chunk             |     1 |     6 |     3 ||    10
Armor: Animal skin       |    41 |    51 |    22 ||   114
Dodge: Dodged            |    62 |    95 |    51 ||   208
